 Dungeon Crawl Stone Soup version 0.31-a0-246-g8cbcc1cb85 (webtiles) character file.

Game seed: 137305370183863237

1544 Dittersdorf the Blocker (level 8, -4/52 HPs)
             Began as a Gargoyle Fighter on July 12, 2023.
             Slain by an orc warrior
             ... wielding a +0 battleaxe
              (6 damage)
             ... on level 6 of the Dungeon.
             The game lasted 00:06:34 (4793 turns).

Dittersdorf the Blocker (Gargoyle Fighter)          Turns: 4793, Time: 00:06:35

Health: -4/52      AC: 18    Str: 22    XL:     8   Next: 87%
Magic:  8/8        EV: 12    Int:  9    God:
Gold:   293        SH: 12    Dex: 15    Spells: 7/7 levels left

rFire   . . .        y - +2 flail (heavy)
rCold   . . .        i - +1 kite shield
rNeg    + . .        e - +0 chain mail
rPois   ∞            l - +0 helmet
rElec   +            b - -1 cloak of Eternal Night {Will+}
rCorr   .            n - +0 pair of gloves
SInv    .            (no boots)
Will    +....        t - amulet of faith Stlth
                     j - +6 ring of dexterity
HPRegen 0.28/turn    r - +5 ring of evasion
MPRegen 0.11/turn

%: faith
@: studying Shields
A: sickness immunity, AC +5, negative energy resistance 1, electricity
resistance, torment resistance 1, petrification resistance
a: no special abilities


You were on level 6 of the Dungeon.
You visited 1 branch of the dungeon, and saw 6 of its levels.

You collected 293 gold pieces.

Inventory:

Hand Weapons
 y - a +2 heavy flail (weapon)
Missiles
 x - a throwing net
Armour
 b - the -1 cloak of Eternal Night (worn) {Will+}
   (You found it on level 6 of the Dungeon)

   Will:      It increases your willpower.
 e - a +0 chain mail (worn)
 i - a +1 kite shield (worn)
 l - a +0 helmet (worn)
 n - a +0 pair of gloves (worn)
Jewellery
 c - a ring of protection from fire
 j - a +6 ring of dexterity (left hand)
 r - a +5 ring of evasion (right hand)
 t - an amulet of faith (around neck)
Wands
 s - a wand of mindburst (9)
Scrolls
 f - a scroll of teleportation
 o - a scroll of enchant armour
 p - a scroll of enchant weapon
Potions
 a - a potion of mutation {unknown}
 d - a potion of might
 g - 2 potions of haste {unknown}
 h - 2 potions of berserk rage {unknown}
 k - a potion of curing {unknown}
 m - 2 potions of heal wounds


   Skills:
 + Level 6.7 Fighting
 + Level 5.7 Maces & Flails
 + Level 6.7 Armour
 + Level 8.4 Shields


You had 7 spell levels left.
You didn't know any spells.
Your spell library contained the following spells:

 Spells                   Type           Power      Damage    Failure   Level
 Ensorcelled Hibernation  Hex/Ice        0%         N/A       100%        2
 Passwall                 Tmut/Erth      0%         N/A       100%        2
 Swiftness                Air            0%         N/A       100%        3


Dungeon Overview and Level Annotations

Branches:
Dungeon (6/15)
 Temple: D:4-7

Altars:
Dithmenos
Yredelemnul
Zin

Shops:
D:2 *   D:5 *   D:6 *


Innate Abilities, Weirdness & Mutations

You are immune to sickness and miasma.
Your stone body is resilient. (AC +5)
You are immune to poison.
You resist negative energy. (rN+)
You are resistant to electric shocks. (rElec)
You are resistant to unholy torment.
You are immune to petrification.


Message History

You are too injured to fight recklessly!
You are too injured to fight recklessly!
You are too injured to fight recklessly!
You are too injured to fight recklessly!
You barely miss the orc priest.
The orc priest is lightly wounded.
Something hits you.
* * * LOW HITPOINT WARNING * * *
The orc warrior closely misses you.
The orc priest hits you but does no damage.
You block the orc priest's attack. The orc warrior barely misses you.
You block something's attack.
You bludgeon the orc priest!!
You kill the orc priest!
The orc warrior hits you but does no damage.
Something hits you but does no damage. Something hits you.
* * * LOW HITPOINT WARNING * * *
You block the orc warrior's attack.
Things that are here:
a +0 hand axe; a +0 ring mail; an orc corpse You barely miss something.
You block the orc warrior's attack.
You hear some strange, mumbled words.
A puff of flame appears from out of thin air!
The puff of flame hits you but does no damage.
Something hits you but does no damage. You block the orc warrior's attack.
You closely miss the orc warrior.
You hear some strange, mumbled words.
Something tries to affect you, but you resist.
You block the orc warrior's attack. x2
You hear some strange, mumbled words.
A puff of flame appears from out of thin air!
The puff of flame hits you!
* * * LOW HITPOINT WARNING * * *
You sock the orc warrior!
The orc warrior is heavily wounded.
Something hits you.
* * * LOW HITPOINT WARNING * * *
The orc warrior hits you with a +0 battleaxe.
You die...

#.#..#... .
..######.#..#... .
.......#.#......
.#####..............
....#####...#....#.
#.......##..####.#.
#.......###.####.#.
#.......# #......#.
#o@.....# #.######.
#..{....###.....##.
##+###.......##....#+##.
........†....##.........
.............##.........
.............###'.......
......##'#######.≈≈≈....
...... #.........≈.≈....
###### #########.≈.≈##..


You could see an orc warrior.

Vanquished Creatures
  A troll (D:6)
  Grinder (D:5)
  A black bear (D:5)
  2 scorpions
  A bullfrog (D:6)
  A gnoll sergeant (D:5)
  3 wights (D:6)
  2 jellies
  An orc priest (D:6)
  A sleepcap (D:4)
  A gnoll bouda (D:5)
  3 iguanas
  3 orc wizards
  Robin (D:2)
  9 adders
  12 gnolls
  2 worms
  6 dart slugs
  11 orcs
  5 endoplasms
  A giant cockroach (D:3)
  8 goblins
  12 hobgoblins
  8 quokkas
  12 ball pythons
  8 bats
  3 frilled lizards
  10 kobolds
  4 rats
133 creatures vanquished.

Notes
Turn   | Place    | Note
-------+----------+-------------------------------------------
     0 | D:1      | Dittersdorf the Gargoyle Fighter began the quest for the
                  | Orb.
     0 | D:1      | Reached XP level 1. HP: 14/14 MP: 1/1
    87 | D:1      | Reached XP level 2. HP: 17/19 MP: 2/2
   289 | D:1      | Reached XP level 3. HP: 23/23 MP: 3/3
   732 | D:2      | Reached XP level 4. HP: 27/29 MP: 4/4
   958 | D:2      | Noticed a scorpion
   978 | D:2      | Killed a scorpion
   979 | D:2      | Reached skill level 4 in Shields
   979 | D:2      | Reached XP level 5. HP: 21/33 MP: 5/5
  1128 | D:2      | Noticed Robin
  1138 | D:2      | Killed Robin
  1454 | D:2      | Found Keilosag's Assorted Antiques.
  1914 | D:3      | Identified the +1 robe of Vanity {Rampage rF+ Str+4}
  2426 | D:3      | Found a shadowy altar of Dithmenos.
  2790 | D:4      | Reached XP level 6. HP: 39/39 MP: 6/6
  2814 | D:4      | Identified a scroll of acquirement
  2814 | D:4      | Acquired a manual of Shields
  3180 | D:4      | Reached skill level 5 in Shields
  3465 | D:5      | Entered Level 5 of the Dungeon
  3571 | D:4      | Reached skill level 5 in Fighting
  3571 | D:4      | Reached skill level 5 in Armour
  3642 | D:5      | Reached XP level 7. HP: 34/44 MP: 7/7
  3755 | D:5      | Found Zin's Purification Station.
  3759 | D:5      | Noticed Grinder
  3766 | D:5      | Paralysed by Grinder for 4 turns
  3771 | D:5      | Killed Grinder
  3772 | D:5      | Reached skill level 6 in Shields
  3783 | D:5      | Found a glowing silver altar of Zin.
  3952 | D:5      | Reached XP level 8. HP: 51/51 MP: 8/8
  3972 | D:5      | Reached skill level 7 in Shields
  4394 | D:5      | Found a basalt altar of Yredelemnul.
  4476 | D:6      | Noticed a troll
  4483 | D:6      | Killed a troll
  4484 | D:6      | Reached skill level 5 in Maces & Flails
  4610 | D:6      | Found Netis's Lightly-Used Armoury.
  4653 | D:6      | Identified the -1 cloak of Eternal Night {Will+}
  4677 | D:6      | Reached skill level 8 in Shields
  4793 | D:6      | HP: 2/52 [something (4)]
  4793 | D:6      | Slain by an orc warrior

Illustrated notes

Levels and vault maps discovered:
D:1:      dpeg_arrival_concentric_ovals, layout_rooms, dk_noncrumbling_3,
          minmay_stone_trees_medium, st_stairs_9, chequers_serial_rivers_small_3
D:2:      layout_basic, serial_shops, nicolae_shop_dealshenge, uniq_robin
D:3:      layout_basic, grunt_dithmenos_smoke_and_mirrors
D:4:      layout_loops_ring
D:5:      layout_basic, lemuel_coloured_pillars_altar, zin_purify,
          saegor_snake_ambush, uniq_grinder
D:6:      layout_basic, chequers_serial_rivers_micro_d, minmay_shop_damaged,
          nicolae_underground_beach

Skill      XL: |  1  2  3  4  5  6  7  8 |
---------------+-------------------------+-----
Fighting       | 4 5 6 |  6.7
Maces & Flails | 3 4 5 |  5.7
Armour         | 4 5 6 |  6.7
Shields        | 4 5 6 8 |  8.4

Action                     |  1- 3 |  4- 6 |  7- 9 || total
---------------------------+-------+-------+-------++-------
  Melee: Flail             |   101 |   255 |    56 ||   412
         Whip              |       |    12 |    57 ||    69
  Evoke: Wand              |       |       |     2 ||     2
    Use: Scroll            |       |     6 |     6 ||    12
 Armour: Scale mail        |    51 |   118 |       ||   169
         Chain mail        |       |    44 |    72 ||   116
  Dodge: Dodged            |    42 |   134 |    66 ||   242
  Block: Buckler           |    28 |     2 |       ||    30
         Kite shield       |       |   147 |    67 ||   214

Table legend: (Time is in decaauts)
 A = Elapsed time spent in this place.
 B = Non-inter-level travel time spent in this place.
 C = Inter-level travel time spent in this place.
 D = Time resting spent in this place.
 E = Time spent auto-exploring this place.
 F = Levels seen in this place.
 G = Mean time per level.
                   A        B        C        D        E       F      G
               +--------+--------+--------+--------+--------+-----+--------+
         Total |   4970 |   4743 |    227 |    229 |   3388 |   6 |  828.3 |
       Dungeon |   4970 |   4743 |    227 |    229 |   3388 |   6 |  828.3 |
               +--------+--------+--------+--------+--------+-----+--------+

Top non-repeatable levels by time:
     D:2: 1285 daAuts
     D:3: 920 daAuts
     D:4: 889 daAuts
     D:5: 828 daAuts
     D:1: 644 daAuts
     D:6: 401 daAuts
